 Dungeon Crawl Stone Soup version 0.30.1-11-g7821555f0a (webtiles) character file.

Game seed: 3443851401167560009

118 booth the Conjurer (level 4, -2/30 (34) HPs)
             Began as a Demonspawn Reaver on Dec 28, 2023.
             Slain by a gnoll
             ... wielding a +0 spear
              (6 damage)
             ... on level 2 of the Dungeon.
             The game lasted 00:09:49 (1628 turns).

booth the Conjurer (Demonspawn Reaver)              Turns: 1628, Time: 00:09:49

HP:   -2/30 (34)    AC:  3    Str: 14    XL:     4   Next: 72%
MP:   6/7           EV: 11    Int: 15    God:
Gold: 108           SH:  0    Dex: 11    Spells: 5/8 levels left

rFire   . . .        a - +0 hand axe
rCold   . . .        (no shield)
rNeg    . . .        b - +0 leather armour
rPois   .            (no helmet)
rElec   .            (no cloak)
rCorr   .            (no gloves)
SInv    .            (no boots)
Will    .....        (no amulet)
Stlth   +            (no ring)
HPRegen 0.25/turn    (no ring)
MPRegen 0.10/turn

%: no passive effects
@: heavily drained
A: hooves 1, spiny 1
a: no special abilities


You were on level 2 of the Dungeon.
You visited 1 branch of the dungeon, and saw 3 of its levels.

You collected 108 gold pieces.

Inventory:

Hand Weapons
 a - a +0 hand axe (weapon)
 c - a +2 heavy mace
Missiles
 k - a throwing net
Armour
 b - a +0 leather armour (worn)
Scrolls
 e - a scroll of noise {unknown}
 g - a scroll of enchant armour {unknown}
 h - a scroll of silence {unknown}
 j - a scroll of magic mapping {unknown}
Potions
 d - a potion of heal wounds {unknown}
 f - a potion of invisibility {unknown}
 i - 2 potions of curing
 l - a potion of might {unknown}


   Skills:
 + Level 2.6 Fighting
 * Level 3.6 Axes
 - Level 1.8 Dodging
 + Level 2.6 Spellcasting
 * Level 4.0 Conjurations


You had 5 spell levels left.
You knew the following spells:

 Your Spells              Type           Power      Damage    Failure   Level
a - Kiss of Death         Conj/Necr      28%        2d7       12%         1
b - Momentum Strike       Conj/Tloc      14%        3d8       19%         2

Your spell library contained the following spells:

 Spells                   Type           Power      Damage    Failure   Level
 Hailstorm                Conj/Ice       7%         3d4       34%         3
 Summon Ice Beast         Ice/Summ       1%         N/A       95%         4
 Summon Mana Viper        Hex/Summ       1%         N/A       100%        5
 Monstrous Menagerie      Summ           0%         N/A       100%        7


Dungeon Overview and Level Annotations

Branches:
Dungeon (3/15)

Altars:
Cheibriados


Innate Abilities, Weirdness & Mutations

You have large cloven feet.
You are partially covered in sharp spines.


Message History

A ball python comes into view.
The gnoll hits you from afar with a +0 spear.
The gnoll is struck by your spines. The gnoll hits you with a +0 spear!
A gnoll comes into view. It is wielding a +0 spear.
Casting: Kiss of Death (safe; 12% risk of failure)
Confirm with . or Enter, or press ? or * to list all spells.
Aiming: Kiss of Death (safe; 12% risk of failure)
Press: ? - help, Shift-Dir - straight line, f - gnoll
Aim: a gnoll, wielding a +0 spear (lightly wounded, 100% to hit)
The negative energy hits the gnoll.
The gnoll is drained!
The gnoll is severely wounded.
You feel drained.
The gnoll shouts!
The gnoll hits you with a +0 spear.
You hit the gnoll. Your kick misses the gnoll.
The gnoll is almost dead.
You closely miss the gnoll. The gnoll is struck by your spines.
You kill the gnoll!
The gnoll barely misses you. The ball python closely misses you.
The gnoll hits you with a +0 club. The ball python completely misses you.
Things that are here:
a +0 spear; a gnoll corpse You hit the gnoll.
Your kick misses the gnoll.
The gnoll is moderately wounded.
You barely miss the ball python. The gnoll closely misses you.
The gnoll hits you from afar with a +0 spear.
The ball python is struck by your spines.
The ball python bites you but does no damage.
You barely miss the ball python.
The ball python is heavily wounded.
You hit the gnoll. The gnoll barely misses you. The gnoll closely misses you.
The ball python is struck by your spines.
You kill the ball python!
The gnoll is struck by your spines. The gnoll hits you with a +0 club.
* * * LOW HITPOINT WARNING * * *
The gnoll barely misses you.
Your Conjurations skill increases to level 4!
The gnoll closely misses you. The gnoll hits you with a +0 spear.
You die...

########## #####
#........##########....
#........'....†)†).>...
#..>....)##########....
#.......)....# #....
#...†g....##.# #....
#....)@g..# #....
#######'#....# #....
#.###..# ##### #.# ..#
#.# .# ## #.# .# #. .#
####. .# ##.##. #...##


You could see 2 gnolls.

Vanquished Creatures
  6 adders
  A gnoll (D:2)
  2 worms (D:2)
  A dart slug (D:3)
  An orc (D:3)
  3 endoplasms
  2 hobgoblins (D:1)
  4 jackals (D:1)
  6 kobolds
  5 quokkas
  4 ball pythons
  2 bats (D:1)
  5 frilled lizards
  3 goblins (D:2)
  3 rats
48 creatures vanquished.

Notes
Turn   | Place    | Note
-------+----------+-------------------------------------------
     0 | D:1      | booth the Demonspawn Reaver began the quest for the Orb.
     0 | D:1      | Reached XP level 1. HP: 16/16 MP: 3/3
   258 | D:1      | Discovered your monstrous ancestry.
   258 | D:1      | Gained mutation: You have large cloven feet. [demonic
                  | ancestry]
   258 | D:1      | Reached XP level 2. HP: 18/22 MP: 5/5
   680 | D:2      | Learned a level 2 spell: Momentum Strike
   714 | D:2      | Reached XP level 3. HP: 23/25 MP: 4/6
   792 | D:2      | HP: 1/22 [worm (5)]
  1303 | D:3      | Found a snail-covered altar of Cheibriados.
  1350 | D:3      | Gained mutation: You are partially covered in sharp spines.
                  | [demonic ancestry]
  1350 | D:3      | Reached XP level 4. HP: 15/28 MP: 7/7
  1414 | D:3      | Identified the +11 rapier "Piabric" {freeze, rN++}
  1525 | D:2      | Found a faded altar of an unknown god.
  1628 | D:2      | Reached skill level 4 in Conjurations
  1628 | D:2      | Slain by a gnoll

Illustrated notes

Levels and vault maps discovered:
D:1:      dpeg_arrival_rooms_with_view, layout_rooms
D:2:      layout_basic, dreamdust_ecumenical_altar_hidden_monk_grotto
D:3:      layout_rooms, kennysheep_slug_shrine, serial_shops,
          nicolae_shop_bloodbath_and_beyond, kennysheep_generic_room_4

Skill      XL: |  1  2  3  4 |
---------------+-------------+-----
Axes           | 3 |  3.6
Conjurations   | 4 |  4.0
Fighting       | |  2.6
Dodging        | |  1.8
Spellcasting   | |  2.6

Action                     |  1- 3 |  4- 6 || total
---------------------------+-------+-------++-------
  Melee: Hand axe          |   132 |    23 ||   155
         Kick              |    20 |     5 ||    25
   Cast: Kiss of Death     |     3 |     1 ||     4
         Momentum Strike   |     2 |       ||     2
    Use: Scroll            |     1 |       ||     1
         Potion            |     1 |       ||     1
 Armour: Leather armour    |    30 |     6 ||    36
  Dodge: Dodged            |    79 |    18 ||    97
